Map: Abyssal Reef LE

Players

Yata

  • Race: Zerg Zerg
  • League: Gold
  • Spawn Location: 11:00

TooHoTForYou - Winner!

  • Race: Protoss Protoss
  • League: Platinum
  • Spawn Location: 5:00

VOD

Have the link to the VOD?

Description

Time

  • Played on: Sept. 2, 2017, 11:37 p.m.
  • Length: 17:12
Show
View Real Time Build Order
Export as new Build Order

Yata Zerg 

Build Orders: Hatch First, Lurkers 

Get SALT Encoding   

  12  0:02  Drone  
  13  0:09  Drone  
  14  0:24  Overlord  
  14  0:43  Drone x3  
  17  0:56  Drone  
  18  1:01  Hatchery  
  17  1:04  Drone  
  17  1:10  Extractor  
  17  1:20  Spawning Pool  
  16  1:32  Drone x2  
  18  1:48  Drone  
  19  1:59  Drone  
  21  2:10  Queen  
  21  2:12  Queen  
  24  2:17  Zergling x4  
  26  2:30  Metabolic Boost  
  26  2:45  Drone  
  26  2:46  Drone  
  26  2:48  Overlord x2  
  28  2:55  Baneling Nest  
  27  3:02  Drone  
  28  3:07  Drone x3  
  28  3:08  Drone  
  29  3:22  Drone x2  
  30  3:33  Zergling x8  
  30  3:34  Zergling x4  
  35  3:36  Drone  
  35  3:41  Lair  
  30  4:03  Zergling x2  
  30  4:04  Zergling x8  
  31  4:18  Queen  
  31  4:19  Zergling x8  
  31  4:20  Zergling x4  
  31  4:23  Zergling x2  
  29  4:41  Drone x3  
  31  4:50  Drone x2  
  33  5:01  Drone x2  
  34  5:25  Drone x5  
  34  5:26  Drone  
  40  5:52  Overlord x3  
  40  5:53  Overlord x2  
  40  5:55  Spore Crawler  
  40  5:56  Spore Crawler  
  38  6:00  Overseer  
  38  6:01  Overseer  
  38  6:09  Hydralisk Den  
  37  6:12  Extractor  
  36  6:23  Pneumatized Carapace  
  36  6:28  Zergling x2  
  36  6:29  Zergling x22  
  48  6:41  Muscular Augments  
  48  6:43  Hatchery  
  47  6:47  Drone x3  
  47  6:48  Drone x2  
  46  7:21  Hydralisk x5  
  51  7:25  Zergling x2  
  51  7:26  Zergling x12  
  48  7:56  Lurker Den  
  48  8:02  Drone x3  
  48  8:03  Drone x3  
  52  8:19  Evolution Chamber  
  50  8:26  Hydralisk x4  
  52  8:32  Hatchery  
  52  8:34  Queen x2  
  61  8:46  Zerg Missile Weapons Level 1  
  61  8:54  Extractor x2  
  59  9:00  Zergling x2  
  59  9:01  Zergling x12  
  66  9:26  Hydralisk x4  
  74  9:38  Overlord x3  
  74  9:39  Overlord x2  
  74  9:56  Lurker  
  74  9:57  Lurker x3  
  78  10:05  Drone x6  
  84  10:10  Drone x5  
  84  10:11  Drone x4  
  93  10:24  Hydralisk  
  93  10:25  Hydralisk x2  
  99  10:32  Drone x3  
  102  10:36  Extractor  
  102  10:37  Zergling x6, Extractor  
  102  10:41  Hydralisk x2  
  107  10:52  Zergling x12  
  113  11:03  Overlord  
  113  11:04  Overlord x2  
  113  11:33  Hydralisk  
  113  11:34  Hydralisk x11  
  113  11:38  Overseer  
  113  11:39  Overseer  
  120  12:22  Hydralisk x2  
  116  12:23  Hydralisk x4  
  116  12:28  Drone x5  
  115  12:50  Hydralisk  
  101  12:51  Hydralisk x10  
  101  12:57  Zerg Missile Weapons Level 2  
  119  13:00  Drone x2  
  98  13:22  Hydralisk x6  
  100  13:43  Lurker  
  100  13:44  Lurker  
  100  13:47  Zergling x16  
  100  13:48  Zergling x8  
  114  13:53  Evolution Chamber  
  114  13:55  Lurker  
  114  13:59  Overlord x3  
  114  14:28  Lurker x6  
  114  14:29  Hydralisk  
  122  14:54  Hatchery  
  121  15:03  Hydralisk x6  
  121  15:04  Hydralisk x2  
  121  15:06  Overlord  
  121  15:07  Overlord x5  
  137  15:24  Overlord x3  
  137  15:31  Infestation Pit  
  136  15:59  Queen  
  136  16:00  Queen  
  140  16:20  Drone x6  
  140  16:21  Drone x2  
  140  16:24  Drone x6  
  140  16:25  Drone  
  155  16:30  Zergling x26  
Show
View Real Time Build Order
Export as new Build Order

TooHoTForYou Protoss - Winner!

Build Orders:  

Get SALT Encoding   

  12  0:01  Probe (Chrono Boost)  
  13  0:11  Probe (Chrono Boost)  
  14  0:19  Pylon  
  14  0:23  Probe (Chrono Boost)  
  15  0:37  Probe (Chrono Boost)  
  16  0:47  Gateway  
  16  0:53  Probe (Chrono Boost)  
  16  0:56  Assimilator  
  17  1:03  Probe (Chrono Boost)  
  18  1:14  Gateway  
  18  1:15  Pylon  
  18  1:24  Probe (Chrono Boost)  
  19  1:41  Cybernetics Core  
  19  1:45  Assimilator, Probe (Chrono Boost)  
  20  1:56  Probe (Chrono Boost)  
  21  2:06  Probe (Chrono Boost)  
  22  2:17  Adept  
  22  2:18  Adept  
  22  2:19  Warp Gate (Chrono Boost)  
  22  2:21  Probe  
  27  2:44  Adept  
  27  2:45  Adept  
  27  2:50  Nexus  
  31  3:00  Pylon  
  31  3:39  Adept x2  
  31  3:40  Probe  
  36  3:43  Robotics Facility, Twilight Council  
  36  3:52  Probe  
  35  4:18  Probe  
  35  4:19  Probe  
  37  4:28  Probe  
  38  4:31  Probe  
  33  4:50  Probe  
  33  4:51  Probe  
  35  4:55  Warp Prism  
  35  4:57  Resonating Glaives  
  35  4:58  Pylon  
  39  5:00  Gateway  
  39  5:01  Gateway  
  39  5:02  Gateway  
  39  5:07  Gateway  
  35  5:09  Pylon  
  35  5:12  Probe  
  34  5:18  Probe  
  34  5:24  Probe  
  34  5:25  Stalker x2  
  39  5:47  Probe  
  39  5:49  Probe  
  41  5:51  Assimilator  
  41  5:52  Assimilator  
  41  6:01  Probe  
  41  6:03  Observer  
  43  6:06  Nexus  
  43  6:07  Probe  
  44  6:13  Probe  
  44  6:14  Pylon  
  44  6:16  Pylon  
  45  6:21  Pylon  
  45  6:23  Pylon  
  45  6:25  Pylon  
  45  6:29  Observer  
  46  6:37  Adept x4  
  54  6:40  Probe  
  54  6:41  Probe  
  56  6:50  Probe  
  56  6:53  Probe  
  58  6:58  Zealot x2  
  58  6:59  Zealot x2  
  56  7:59  Forge  
  56  8:01  Forge, Probe x2  
  56  8:02  Probe  
  56  8:04  Robotics Bay  
  59  8:08  Gateway  
  59  8:09  Gateway  
  59  8:10  Gateway  
  59  8:12  Probe x2  
  55  8:13  Pylon  
  55  8:14  Probe  
  55  8:18  Sentry x2  
  55  8:19  Sentry x3  
  64  8:30  Observer  
  65  8:34  Robotics Facility  
  65  8:36  Protoss Ground Weapons Level 1  
  65  8:37  Protoss Ground Armor Level 1  
  65  8:39  Pylon  
  65  8:42  Pylon  
  65  8:43  Stalker  
  65  8:44  Stalker x4  
  65  8:47  Probe x2  
  65  8:48  Probe  
  78  9:00  Probe  
  79  9:05  Colossus  
  79  9:06  Pylon  
  84  9:16  Sentry x2  
  84  9:17  Stalker x4  
  96  9:28  Stalker x2  
  100  9:51  Colossus  
  106  9:57  Probe x2  
  106  9:58  Probe  
  109  10:01  Assimilator x2  
  109  10:07  Probe x2  
  109  10:09  Nexus  
  109  10:10  Probe  
  109  10:11  Photon Cannon  
  109  10:13  Photon Cannon  
  112  10:14  Photon Cannon  
  112  10:15  Photon Cannon  
  112  10:16  Photon Cannon  
  112  10:25  Adept x3  
  112  10:26  Adept x4  
  126  10:29  Adept  
  128  10:40  Extended Thermal Lance  
  128  10:45  Probe x2  
  128  10:46  Probe  
  131  10:55  Probe  
  131  10:58  Probe  
  133  11:09  Protoss Ground Weapons Level 2  
  133  11:10  Protoss Ground Armor Level 2  
  133  11:13  Probe x2  
  133  11:14  Probe  
  136  11:23  Probe  
  136  11:24  Probe  
  138  11:26  Probe  
  138  11:30  Probe  
  140  11:34  Probe x2  
  140  11:36  Assimilator  
  140  11:38  Probe  
  142  11:40  Assimilator  
  142  11:43  Colossus  
  154  11:51  Observer  
  131  12:28  Colossus  
  133  12:37  Colossus  
  122  12:52  Stalker x6  
  122  12:53  Stalker x2  
  123  13:22  Observer  
  122  13:32  Observer  
  122  13:33  Observer Gravitic Boosters  
  123  13:35  Protoss Ground Armor Level 3, Protoss Ground Weapons Level 3  
  123  13:36  Probe x2  
  123  13:38  Probe  
  126  13:43  Observer  
  126  13:46  Nexus  
  127  13:50  Sentry x2, Probe  
  127  13:51  Sentry x4  
  127  13:52  Sentry  
  142  14:01  Charge  
  142  14:02  Nexus  
  142  14:11  Assimilator  
  142  14:23  Pylon x2  
  142  14:25  Pylon  
  142  14:26  Pylon  
  142  14:27  Mothership Core  
  142  14:28  Pylon  
  144  14:42  Pylon  
  144  14:43  Pylon  
  144  14:49  Colossus x2  
  156  14:55  Stalker x4  
  156  14:56  Stalker x2  
  156  14:57  Stalker  
  170  15:08  Gateway x2  
  170  15:10  Gateway  
  170  15:12  Gateway  
  170  15:15  Photon Cannon  
  170  15:17  Photon Cannon  
  170  15:19  Photon Cannon  
  170  15:20  Photon Cannon  
  170  15:24  Photon Cannon  
  170  15:25  Photon Cannon  
  170  15:42  Zealot x3  
  174  15:43  Observer, Zealot x5  
  174  15:44  Observer  
Tags
 
Composition
Lurkers
Matchup
PvZ
Replay Pack
Pack 1
Spawn Locations
Cross Positions
Add a new tag
Caveats
  • Supply blocks, unpowered buildings, or Contaminate may cause inaccurate times.
  • Supply counts are checked every 10 seconds.